 Dungeon Crawl Stone Soup version 0.30-a0-1163-gf69bf04e7a (webtiles) character file.

Game seed: 18425895416835114953

2085 heikuro the Shield-Bearer (level 9, -9/69 HPs)
             Began as a Formicid Fighter on Apr 3, 2023.
             Mangled by an orc warrior
             ... wielding a +0 battleaxe
              (10 damage)
             ... on level 9 of the Dungeon on Apr 28, 2023.
             The game lasted 00:15:04 (5674 turns).

heikuro the Shield-Bearer (Formicid Fighter)        Turns: 5674, Time: 00:15:04

Health: -9/69      AC: 12    Str: 24    XL:     9   Next: 51%
Magic:  9/9        EV:  8    Int:  7    God:
Gold:   216        SH:  6    Dex: 15    Spells: 8/8 levels left

rFire   + . .        a - +0 war axe
rCold   . . .        c - +0 buckler
rNeg    . . .        A - +0 chain mail
rPois   .            (helmet unavailable)
rElec   .            q - +0 cloak
rCorr   .            p - +0 pair of gloves
SInv    +            (no boots)
Will    .....        n - amulet of magic regeneration Stlth
                     h - ring of flight
HPRegen 0.31/turn    (no ring)
MPRegen 0.51/turn

%: no passive effects
@: flying, unable to drink
A: permanent stasis, dig shafts and tunnels, antennae 3, four strong arms, fire
resistance 1, inability to drink after injury 1
a: Dig, Shaft Self


You were on level 9 of the Dungeon.
You visited 1 branch of the dungeon, and saw 7 of its levels.
You also visited: Sewer.

You collected 216 gold pieces.

Inventory:

Hand Weapons
 a - a +0 war axe (weapon)
 b - the +8 sling of Texozoj {freeze, rN+ Str+7 Dex-5}
   (You found it on level 2 of the Dungeon)

   Str:       It affects your strength (+7).
   Dex:       It affects your dexterity (-5).
   rN:        It protects you from negative energy.
Missiles
 t - 29 poisoned darts
 u - a curare-tipped dart
Armour
 c - a +0 buckler (worn)
 p - a +0 pair of gloves (worn)
 q - a +0 cloak (worn)
 A - a +0 chain mail (worn)
Jewellery
 h - a ring of flight (left hand)
 n - an amulet of magic regeneration (around neck)
Scrolls
 e - 2 scrolls of vulnerability
 f - a scroll of blinking {unknown}
 l - a scroll of amnesia {unknown}
 r - 2 scrolls of enchant armour {unknown}
 w - 2 scrolls of noise {unknown}
 x - a scroll of fear {unknown}
 y - a scroll of teleportation {unknown}
 z - 3 scrolls of identify {unknown}
Potions
 d - a potion of flight {unknown}
 g - 4 potions of mutation
 i - 4 potions of curing
 j - 2 potions of brilliance {unknown}
 k - 2 potions of degeneration {unknown}
 o - 2 potions of haste {unknown}
 s - 2 potions of cancellation {unknown}
 v - a potion of invisibility {unknown}


   Skills:
 + Level 6.2 Fighting
 * Level 7.3 Axes
 + Level 4.4 Ranged Weapons
 + Level 6.1 Armour
 + Level 7.6 Shields


You had 8 spell levels left.
You didn't know any spells.
Your spell library contained the following spells:

 Spells                   Type           Power      Damage    Failure   Level
 Summon Small Mammal      Summ           0%         N/A       95%         1
 Ensorcelled Hibernation  Hex/Ice        0%         N/A       99%         2
 Call Canine Familiar     Summ           0%         N/A       100%        3
 Spider Form              Tmut/Pois      0%         N/A       100%        3
 Summon Guardian Golem    Hex/Summ       0%         N/A       100%        3
 Anguish                  Hex/Necr       0%         N/A       100%        4


Dungeon Overview and Level Annotations

Branches:
Dungeon (9/15)              Sewer (visited)
 Temple: D:4-7         Lair: D:8-11         Orc: D:9-12

Altars:
Elyvilon
Wu Jian
Yredelemnul

Annotations:
D:8 Prince Ribbit


Innate Abilities, Weirdness & Mutations

You cannot be hasted, slowed, berserked, paralysed or teleported.
You can dig through walls and to a lower floor.
You have a pair of large antennae on your head. (SInv)
Your four strong arms can wield two-handed weapons with a shield.
Your flesh is heat resistant. (rF+)
You occasionally lose the ability to drink potions when taking damage.


Message History

The orc warrior hits you with a +0 battleaxe!
* * * LOW HITPOINT WARNING * * *
You hit the orc warrior.
The orc warrior is lightly wounded.
You hit the orc. The orc barely misses you.
The orc warrior hits you but does no damage.
The orc warrior barely misses you. The orc hits you but does no damage.
You barely miss the orc warrior.
The orc warrior is lightly wounded.
You hit the orc.
You kill the orc!
The orc warrior hits you with a +0 battleaxe!
* * * LOW HITPOINT WARNING * * *
You hit the orc warrior.
The orc warrior is moderately wounded.
The orc warrior hits you with a +0 battleaxe.
* * * LOW HITPOINT WARNING * * *
You slash the orc warrior!
The orc warrior is severely wounded.
The orc warrior hits you but does no damage.
You hit the orc warrior but do no damage.
The orc warrior is severely wounded.
The orc warrior hits you but does no damage.
You hit the orc warrior.
The orc warrior is almost dead.
The orc warrior closely misses you.
You hit the orc warrior but do no damage.
The orc warrior is almost dead.
The orc warrior hits you with a +0 battleaxe.
* * * LOW HITPOINT WARNING * * *
The orc warrior hits you with a +0 battleaxe.
* * * LOW HITPOINT WARNING * * *
You closely miss the orc warrior.
The orc warrior is severely wounded.
The orc warrior barely misses you.
You hit the orc warrior but do no damage.
The orc warrior is severely wounded.
The orc warrior hits you with a +0 battleaxe!
You feel threatened and lose the ability to drink potions!
You die...

######... ......<#
......# #.....# #.
+.....# #.. #.....###+##.
#.. #..)....[....
#..##########..)@).......
#..............o.........
#..............#######...
#..............#
#..............#
#.........†....#
#..............#
#..............#
#........#####.#


You could see an orc warrior.

Vanquished Creatures
  Pikel (D:8)
  Psyche (D:8)
  Sigmund (D:3)
  A steam dragon (D:9)
  5 kobold brigands (Sewer)
  A phantom (D:4)
  2 scorpions
  A killer bee (D:5)
  An electric eel (D:8)
  A hound (D:5)
  A gnoll bouda (D:4)
  A sleepcap (D:5)
  4 orc wizards
  4 gnolls (D:4)
  8 adders
  2 river rats
  7 worms
  2 dart slugs (D:3)
  9 orcs
  9 ball pythons
  12 endoplasms
  3 giant cockroaches
  6 goblins
  7 hobgoblins
  10 jackals
  A quokka (D:1)
  3 bats
  4 frilled lizards
  5 kobolds
  11 rats
124 creatures vanquished.

Vanquished Creatures (others)
  8 fungi (D:3)
8 creatures vanquished.

Grand Total: 132 creatures vanquished

Notes
Turn   | Place    | Note
-------+----------+-------------------------------------------
     0 | D:1      | heikuro the Formicid Fighter began the quest for the Orb.
     0 | D:1      | Reached XP level 1. HP: 18/18 MP: 1/1
   106 | D:1      | Reached XP level 2. HP: 20/24 MP: 2/2
   683 | D:1      | Reached XP level 3. HP: 29/29 MP: 3/3
  1057 | D:2      | Identified the +8 sling of Texozoj {freeze, rN+ Str+7
                  | Dex-5}
  1749 | D:3      | Reached XP level 4. HP: 36/37 MP: 4/4
  1797 | D:3      | Found a glowing drain.
  1801 | Sewer    | Entered a sewer
  2026 | Sewer    | Reached XP level 5. HP: 39/42 MP: 5/5
  2045 | Sewer    | Noticed a kobold brigand
  2053 | Sewer    | Killed a kobold brigand
  2054 | Sewer    | Reached skill level 1 in Ranged Weapons
  2054 | Sewer    | Reached skill level 5 in Shields
  2124 | Sewer    | Noticed a kobold brigand
  2124 | Sewer    | Noticed a kobold brigand
  2135 | Sewer    | Killed a kobold brigand
  2136 | Sewer    | Reached XP level 6. HP: 40/48 MP: 6/6
  2276 | Sewer    | Reached XP level 7. HP: 9/55 MP: 7/7
  2911 | D:3      | Noticed Sigmund
  2916 | D:3      | Killed Sigmund
  2917 | D:3      | Reached skill level 5 in Axes
  2973 | D:3      | Upgraded the game from 0.30-a0-989-g0d87f670db to
                  | 0.30-a0-1163-gf69bf04e7a
  3256 | D:3      | Found a white marble altar of Elyvilon.
  3674 | D:3      | Found a basalt altar of Yredelemnul.
  3676 | D:3      | Found an ornate altar of the Wu Jian Council.
  3861 | D:4      | Reached XP level 8. HP: 44/61 MP: 8/8
  4118 | D:4      | Reached skill level 5 in Fighting
  4118 | D:4      | Reached skill level 5 in Armour
  4775 | D:5      | Entered Level 5 of the Dungeon
  4954 | D:5      | You are sucked into a shaft and drop 3 floors!
  4955 | D:8      | Gained mutation: You occasionally lose the ability to drink
                  | potions when taking damage. [potion of mutation]
  4955 | D:8      | Gained mutation: Your flesh is heat resistant. (rF+)
                  | [potion of mutation]
  4955 | D:8      | HP: 2/62 [poisoned by a killer bee]
  5274 | D:8      | Noticed Psyche
  5304 | D:8      | Killed Psyche
  5305 | D:8      | Reached XP level 9. HP: 38/68 MP: 9/9
  5383 | D:8      | Noticed Prince Ribbit
  5390 | D:8      | Noticed Pikel
  5404 | D:8      | Killed Pikel
  5413 | D:8      | You are sucked into a shaft and drop 1 floor!
  5672 | D:9      | HP: 1/69 [orc warrior/+0 battleaxe (4)]
  5674 | D:9      | Mangled by an orc warrior

Illustrated notes

Levels and vault maps discovered:
D:1:      evilmike_arrival_home_sweet_home, layout_basic, minmay_cupped
D:2:      layout_basic
D:3:      layout_loops_corners, nicolae_overflow_hidden_temple,
          gup_sewer_entry_spiral, chequers_serial_rivers_room_b,
          hangedman_glass_teeth, dreamdust_mushroom_princess,
          nicolae_concentric_dashed_squares_wild, minmay_misc_feat_rugged,
          hex_medium, uniq_sigmund
D:4:      layout_cave_pods, hangedman_abyss_or_decor_jellyfish_corner
D:5:      layout_basic, nemelex_diamond_rough_becter,
          minmay_temple_entry_enclosed_plants, chequers_serial_rivers_micro_d,
          minmay_misc_feat_hallway, kennysheep_generic_room_8
D:8:      layout_loops_ring, erik_lair_island, biasface_ghost_orc_armoury,
          moated_statue, fountainhead, uniq_prince_ribbit1, uniq_gastronok,
          uniq_pikel, uniq_psyche
D:9:      layout_irregular_city, marbit_many_paths, uniq_maggie, uniq_grum,
          uniq_erica, uniq_harold

Skill      XL: |  1  2  3  4  5  6  7  8  9 |
---------------+----------------------------+-----
Axes           | 3 4 5 6 7 |  7.3
Fighting       | 4 5 6 |  6.2
Ranged Weapons | 1 2 3 4 |  4.4
Armour         | 4 5 6 |  6.1
Shields        | 5 6 7 |  7.6

Action                     |  1- 3 |  4- 6 |  7- 9 || total
---------------------------+-------+-------+-------++-------
  Melee: War axe           |    85 |    36 |    36 ||   157
         Unarmed           |       |       |     7 ||     7
   Fire: Sling             |    26 |    33 |   171 ||   230
Ability: Dig               |     1 |       |     1 ||     2
         Shaft Self        |       |       |     2 ||     2
    Use: Scroll            |       |     1 |       ||     1
         Potion            |       |       |     3 ||     3
 Armour: Scale mail        |    55 |    23 |    25 ||   103
         Chain mail        |       |       |    69 ||    69
         Skin              |       |       |     7 ||     7
  Dodge: Dodged            |    38 |    17 |    76 ||   131
  Block: Buckler           |    19 |    12 |    39 ||    70

Table legend: (Time is in decaauts)
 A = Elapsed time spent in this place.
 B = Non-inter-level travel time spent in this place.
 C = Inter-level travel time spent in this place.
 D = Time resting spent in this place.
 E = Time spent auto-exploring this place.
 F = Levels seen in this place.
 G = Mean time per level.
                   A        B        C        D        E       F      G
               +--------+--------+--------+--------+--------+-----+--------+
         Total |   5819 |   5573 |    246 |   1006 |   3328 |   8 |  727.4 |
       Dungeon |   4893 |   4647 |    246 |    733 |   2882 |   7 |  699.0 |
         Sewer |    926 |    926 |      0 |    273 |    446 |   1 |  926.0 |
               +--------+--------+--------+--------+--------+-----+--------+

Top non-repeatable levels by time:
     D:3: 1133 daAuts
     D:1: 1062 daAuts
     D:4: 1048 daAuts
   Sewer: 926 daAuts
     D:2: 725 daAuts
     D:8: 466 daAuts
     D:9: 263 daAuts
     D:5: 194 daAuts
